Map: Data-C

Players

csfalcon

  • Race: Terran Terran
  • Spawn Location: 9:00

Lambo - Winner!

  • Race: Zerg Zerg
  • Spawn Location: 3:00

Event: DreamHack SC2 Masters 2022 Atlanta (Offline)

VOD

Have the link to the VOD?

Description

Time

  • Played on: Nov. 18, 2022, 9:24 a.m.
  • Length: 8:53

All games in this series

Show
View Real Time Build Order
Export as new Build Order

csfalcon Terran 

Build Orders: Liberator Opening, Reaper Expand 

Get SALT Encoding   

  12  0:00  SCV  
  13  0:12  SCV  
  14  0:17  Supply Depot  
  14  0:24  SCV  
  15  0:38  SCV  
  15  0:39  Barracks  
  16  0:49  Refinery  
  16  0:50  SCV  
  17  1:03  SCV  
  18  1:17  SCV  
  19  1:29  Orbital Command  
  19  1:34  Reaper  
  20  1:46  Command Center  
  20  1:51  Refinery  
  20  1:55  SCV  
  21  2:05  Supply Depot  
  21  2:07  SCV  
  21  2:14  Factory  
  21  2:19  SCV  
  22  2:27  Barracks Reactor  
  22  2:31  SCV  
  23  2:43  SCV  
  24  2:55  SCV  
  25  2:59  Starport  
  25  3:00  Orbital Command  
  25  3:07  SCV  
  25  3:09  Hellion  
  25  3:10  Hellion, Barracks Tech Lab  
  30  3:19  SCV  
  31  3:30  Marine  
  31  3:31  SCV, Hellion  
  31  3:32  Hellion  
  37  3:35  SCV  
  37  3:38  Liberator  
  41  3:43  SCV  
  41  3:47  SCV  
  43  3:51  Marine  
  43  3:54  Supply Depot  
  44  3:56  SCV  
  44  4:00  SCV  
  46  4:11  Stimpack  
  46  4:15  SCV, Marine  
  46  4:16  Supply Depot, Hellion x2  
  52  4:18  SCV  
  53  4:27  SCV  
  54  4:35  Command Center  
  54  4:37  Supply Depot, SCV, Medivac  
  57  4:40  SCV  
  57  4:42  Marine  
  59  4:50  SCV  
  59  4:52  SCV  
  61  4:53  Factory Reactor  
  61  4:55  Barracks  
  61  4:56  Barracks  
  59  5:02  SCV  
  59  5:04  SCV  
  59  5:05  Marine  
  62  5:14  SCV  
  63  5:15  Engineering Bay, Refinery  
  63  5:16  Engineering Bay, SCV  
  64  5:24  Supply Depot  
  64  5:26  SCV, Refinery  
  65  5:29  Marine  
  63  5:39  SCV  
  63  5:40  SCV  
  63  5:41  Terran Infantry Weapons Level 1  
  63  5:42  Terran Infantry Armor Level 1  
  65  5:45  Barracks Reactor, Medivac  
  65  5:46  Medivac  
  65  5:48  Factory Reactor  
  69  5:51  Supply Depot  
  69  5:52  SCV x2  
  69  5:55  Marine  
  69  5:56  Combat Shield  
  71  5:57  Marine  
  71  5:58  Marine  
  71  6:08  SCV x2  
  65  6:13  Marine  
  65  6:15  Barracks  
  65  6:17  Barracks  
  66  6:20  Marine x2  
  66  6:21  Marine  
  66  6:22  Marine  
  66  6:24  SCV x2  
  72  6:27  Widow Mine x2  
  76  6:35  Orbital Command  
  76  6:36  SCV x2  
  76  6:39  Marine  
  79  6:41  Bunker  
  79  6:42  Supply Depot  
  79  6:47  Marine x3  
  79  6:48  Supply Depot  
  79  6:49  Supply Depot  
  79  6:51  Marine  
  83  6:56  SCV, Armory  
  83  6:57  SCV, Marine  
  86  7:04  Barracks Reactor x2  
  86  7:05  Marine x2  
  86  7:06  Marine  
  86  7:07  SCV  
  90  7:08  SCV  
  90  7:09  Marine  
  90  7:10  Supply Depot  
  90  7:15  Marine  
  93  7:23  Marine x2  
  93  7:24  Marine  
  93  7:25  SCV x2  
  93  7:27  Marine  
  99  7:30  Barracks  
  99  7:31  Barracks, SCV  
  99  7:32  Barracks  
  99  7:33  Marine  
  99  7:34  Factory  
  99  7:36  Refinery  
  101  7:37  SCV  
  101  7:38  Supply Depot  
  101  7:40  Marine  
  101  7:41  Marine  
  101  7:42  Marine  
  101  7:43  Marine x4  
  109  7:45  Marine  
  109  7:51  Marine  
  111  7:58  Marine x2  
  111  7:59  Marine  
  111  8:00  Marine  
  111  8:01  Marine  
  112  8:10  Marine  
  112  8:11  Marine x3  
  112  8:12  Widow Mine x2  
  120  8:16  Marine x2  
  106  8:24  SCV x3  
  103  8:29  Factory Tech Lab, Barracks Tech Lab x2  
  103  8:30  Barracks Tech Lab  
  103  8:34  Marine x9  
  103  8:36  SCV x2  
Show
View Real Time Build Order
Export as new Build Order

Lambo Zerg - Winner!

Build Orders: Pool First 

Get SALT Encoding   

  12  0:00  Drone  
  13  0:12  Overlord  
  13  0:17  Drone  
  14  0:31  Drone x2  
  14  0:35  Drone  
  17  0:43  Spawning Pool  
  17  0:48  Drone  
  17  1:08  Hatchery  
  17  1:11  Drone  
  17  1:14  Drone  
  17  1:16  Extractor  
  17  1:30  Zergling x4  
  17  1:32  Queen  
  21  1:41  Overlord  
  21  1:49  Drone  
  22  2:01  Drone  
  23  2:11  Drone  
  23  2:12  Queen  
  26  2:18  Hatchery  
  26  2:21  Drone  
  26  2:23  Drone  
  27  2:37  Drone x2  
  27  2:42  Drone x3  
  32  2:46  Overlord  
  32  2:52  Queen  
  32  2:56  Drone  
  32  2:58  Drone  
  36  3:02  Metabolic Boost  
  36  3:05  Drone  
  36  3:10  Queen  
  39  3:14  Drone  
  39  3:19  Drone x3  
  43  3:22  Drone  
  44  3:30  Queen, Drone  
  44  3:34  Overlord  
  47  3:36  Overlord  
  47  3:42  Queen  
  47  3:45  Drone  
  50  3:54  Drone x4  
  50  3:55  Zergling x4  
  56  3:56  Zergling x2  
  56  3:58  Drone  
  56  3:59  Drone  
  59  4:02  Overlord  
  59  4:05  Drone x2  
  59  4:06  Drone  
  59  4:09  Overlord  
  61  4:11  Drone  
  61  4:15  Queen  
  64  4:20  Zergling x2  
  64  4:22  Zergling x4  
  67  4:25  Drone x2  
  67  4:26  Drone x3  
  67  4:27  Drone  
  73  4:34  Queen  
  76  4:38  Zergling x2  
  76  4:39  Overlord  
  76  4:43  Drone x4  
  80  4:47  Spore Crawler x2  
  80  4:48  Spore Crawler  
  80  4:50  Drone x2  
  80  4:51  Extractor  
  80  4:52  Zergling x2  
  79  4:56  Drone  
  79  4:59  Drone  
  81  5:01  Drone  
  81  5:04  Drone  
  82  5:07  Drone x5  
  82  5:11  Lair  
  82  5:13  Drone  
  82  5:14  Drone  
  88  5:15  Drone  
  88  5:20  Baneling Nest, Drone  
  89  5:22  Drone  
  89  5:23  Extractor  
  89  5:24  Extractor x2  
  89  5:25  Overlord  
  89  5:27  Hatchery  
  86  5:31  Drone  
  86  5:32  Drone x3  
  90  5:37  Evolution Chamber  
  90  5:38  Evolution Chamber  
  90  5:40  Overlord  
  88  5:44  Overlord  
  88  5:45  Drone x3  
  88  5:46  Overlord  
  88  5:48  Overlord  
  88  5:49  Overlord  
  91  5:50  Overlord  
  91  5:53  Drone x2  
  93  6:05  Drone x3  
  93  6:10  Drone x5  
  98  6:14  Centrifugal Hooks  
  98  6:15  Overlord  
  98  6:16  Zerg Ground Armor Level 1, Zerg Melee Weapons Level 1  
  98  6:18  Drone x4  
  98  6:22  Drone x3  
  105  6:29  Drone  
  105  6:31  Hydralisk Den  
  105  6:37  Zergling x10  
  110  6:44  Zergling x14  
  110  6:45  Hatchery  
  110  6:46  Overlord  
  116  6:48  Overlord  
  116  6:51  Zergling x4  
  118  6:58  Zergling x6  
  121  7:02  Overlord  
  121  7:05  Overlord  
  121  7:06  Zergling x10  
  121  7:07  Baneling x6  
  121  7:08  Baneling x4  
  125  7:12  Zergling x8  
  125  7:14  Baneling x2  
  129  7:16  Grooved Spines  
  129  7:18  Drone x5  
  129  7:21  Hydralisk, Extractor  
  135  7:24  Overseer, Pneumatized Carapace  
  135  7:26  Hydralisk  
  135  7:27  Zergling x2  
  138  7:31  Zergling x4  
  138  7:36  Zergling x8  
  144  7:42  Baneling x11  
  144  7:43  Zergling x10  
  149  7:48  Extractor  
  149  7:50  Zergling x10  
  153  7:54  Overseer  
  151  7:58  Zergling x6  
  151  8:03  Zergling x18  
  162  8:06  Drone x3  
  162  8:11  Zergling x4, Infestation Pit  
  162  8:19  Zergling x2  
  153  8:20  Zergling x14  
  153  8:24  Baneling x15  
  153  8:26  Zergling x4  
  158  8:29  Drone x2  
  158  8:31  Zergling x8  
  158  8:33  Baneling  
  166  8:34  Baneling  
  166  8:35  Baneling x3  
  166  8:36  Zergling x8  
  166  8:38  Drone  
  145  8:49  Hatchery  
Tags
 
Add a new tag
Caveats
  • Supply blocks, unpowered buildings, or Contaminate may cause inaccurate times.
  • Supply counts are checked every 10 seconds.